 Dungeon Crawl Stone Soup version 0.22.1-1-ga44c0e5 (webtiles) character file.

24367 Lavandula the Severer (level 12, -3/139 HPs)
             Began as a Centaur Berserker on Oct 8, 2018.
             Was an Elder of Trog.
             Slain by an orc warlord
             ... wielding a +0 war axe
              (12 damage)
             ... on level 2 of the Orcish Mines on Oct 13, 2018.
             The game lasted 00:50:09 (7569 turns).

Lavandula the Severer (Centaur Berserker)           Turns: 7569, Time: 00:50:10

Health: -3/139     AC: 22    Str: 25    XL:     12   Next: 80%
Magic:  0/14       EV:  9    Int:  6    God:    Trog [****..]
Gold:   890        SH:  0    Dex: 11    Spells: 11/11 levels left

rFire    + + .     SeeInvis +   i - +2 hand axe (freeze)
rCold    + . .     Gourm    .   (no shield)
rNeg     . . .     Faith    .   a - +4 troll leather armour
rPois    .         Spirit   +   (no helmet)
rElec    .         Reflect  .   C - scarf {rC+ rF+}
rCorr    .         Harm     .   (no gloves)
MR       +++..                  s - +2 centaur barding {Fly}
Stlth    ..........             I - amulet of guardian spirit
HPRegen  1.73/turn              h - ring of Eternal Harmony {rF+ MR+ Str-3 SInv}
MPRegen  0.14/turn              X - +6 ring of protection

@: berserking (expiring), flying, regenerating, very quick
A: large, hooves 3, deformed body, speed 2, tough skin 3
a: Berserk, Trog's Hand, Brothers in Arms, Renounce Religion, Stop Flying


You were on level 2 of the Orcish Mines.
You worshipped Trog.
Trog was greatly pleased with you.
You were near starving.

You visited 3 branches of the dungeon, and saw 15 of its levels.
You also visited: Labyrinth, Sewer and Ice Cave.

You collected 1216 gold pieces.
You spent 326 gold pieces at shops.

Inventory:

Hand Weapons
 i - a +2 hand axe of freezing (weapon)
 x - a +2 battleaxe of freezing
 J - a +0 blowgun
 L - a +0 demon whip
 Q - a +0 war axe
 V - a +3 halberd of flaming
Missiles
 y - 15 steel javelins (quivered)
 U - a curare-tipped needle
Armour
 a - a +4 troll leather armour (worn)
 r - a +0 leather armour of poison resistance
 s - a +2 centaur barding of flying (worn)
 v - the +4 ring mail "Wiloni" {rElec Int+7 Slay-5}
   (You found it on level 5 of the Dungeon)

   It affects your intelligence (+7).
   It affects your accuracy and damage with ranged weapons and melee attacks
   (-5).
   It insulates you from electricity.
 A - a +0 leather armour of cold resistance
 C - a scarf of resistance (worn)
 H - the +0 chain mail of Soubin {rPois Dex+4}
   (You bought it in a shop on level 7 of the Dungeon)

   It affects your dexterity (+4).
   It protects you from poison.
 P - a +0 buckler
 T - a +2 robe of magic resistance
 Z - the +2 plate armour of the Turtle {-Tele rPois rN+++ Dex-4, unknown}
   (You found it in a labyrinth)

   It affects your dexterity (-4).
   It protects you from poison.
   It renders you almost immune to negative energy.
   It prevents most forms of teleportation.
Magical Staves
 q - an uncursed staff of conjuration {unknown}
Jewellery
 b - an uncursed ring of ice
 h - the ring of Eternal Harmony (left hand) {rF+ MR+ Str-3 SInv}
   (You found it in an ice cave)

   [ring of strength]

   It affects your strength (-3).
   It protects you from fire.
   It affects your resistance to hostile enchantments.
   It lets you see invisible.
 w - a +4 ring of protection
 I - an amulet of guardian spirit (around neck)
 M - an uncursed ring of wizardry
 O - an uncursed ring of ice
 X - a +6 ring of protection (right hand)
Wands
 B - a wand of scattershot (3)
 F - a wand of acid (7)
 N - a wand of paralysis (16)
 S - a wand of flame (25)
 W - a wand of disintegration (10)
Scrolls
 d - 3 scrolls of blinking
 e - 6 scrolls of teleportation
 f - 3 scrolls of enchant weapon
 j - 5 scrolls of remove curse
 t - 2 scrolls of amnesia
 u - 4 scrolls of fog
Potions
 g - 3 potions of invisibility
 k - 5 potions of agility
 l - a potion of heal wounds
 m - 2 potions of brilliance {unknown}
 n - 4 potions of curing {unknown}
 o - 2 potions of might {unknown}
 p - 4 potions of flight {unknown}
 z - 2 potions of magic {unknown}
 D - a potion of haste {unknown}
 E - a potion of berserk rage {unknown}
 G - a potion of degeneration {unknown}
 Y - 2 potions of lignification {unknown}
Miscellaneous
 K - a sack of spiders
 R - a lightning rod (inert)
Comestibles
 c - 11 rations


   Skills:
 - Level 4.9 Fighting
 - Level 16.5 Axes
 - Level 5.2 Armour
 - Level 5.0 Dodging
 + Level 3.7 Evocations


You had 11 spell levels left.
You didn't know any spells.
Your spell library contained the following spells:

 Spells                   Type           Power        Failure   Level  Hunger
 Corona                   Hex            #......      50%         1    ##.....
 Magic Dart               Conj           #...         50%         1    ##.....
 Summon Small Mammal      Summ           #...         50%         1    ##.....
 Call Imp                 Summ           #.......     63%         2    ###....
 Searing Ray              Conj           #.....       63%         2    ###....
 Shroud of Golubria       Chrm/Tloc      #.........   63%         2    ###....
 Slow                     Hex            #.......     63%         2    ###....
 Swiftness                Chrm/Air       #.......     63%         2    ###....
 Call Canine Familiar     Summ           #.......     86%         3    ####...
 Dazzling Spray           Conj/Hex       #.....       86%         3    ####...
 Inner Flame              Hex/Fire       #.......     86%         3    ####...
 Portal Projectile        Hex/Tloc       #.....       86%         3    ####...
 Regeneration             Chrm/Necr      #.........   86%         3    ####...
 Summon Guardian Golem    Hex/Summ       #.......     86%         3    ####...
 Cause Fear               Hex            #.........   99%         4    #####..
 Force Lance              Conj/Tloc      #.......     99%         4    #####..
 Fulminant Prism          Conj/Hex       #.........   99%         4    #####..
 Iskenderun's Mystic Bla  Conj           #.......     99%         4    #####..
 Leda's Liquefaction      Hex/Erth       #.........   99%         4    #####..
 Summon Ice Beast         Ice/Summ       #.......     99%         4    #####..
 Summon Lightning Spire   Summ/Air       #.......     99%         4    #####..
 Excruciating Wounds      Chrm/Necr      #.........   100%        5    ######.
 Fireball                 Conj/Fire      #.........   100%        5    ######.
 Iskenderun's Battlesphe  Conj/Chrm      #.......     100%        5    ######.
 Bolt of Fire             Conj/Fire      #.........   100%        6    #######
 Deflect Missiles         Chrm/Air       #.........   100%        6    #######
 Ring of Flames           Chrm/Fire      #.........   100%        7    #######
 Spellforged Servitor     Conj/Summ      #.........   100%        7    #######


Dungeon Overview and Level Annotations

Branches:
Dungeon (12/15)              Lair (1/6) D:9             Orc (2/2) D:9
 Temple: D:4-7          Elf: Orc:2

Altars:
Ashenzari
Dithmenos
Gozag
Okawaru
Qazlal
Uskayaw
Yredelemnul

Shops:
D:5 :   D:7 :[*(:

Portals:
Trove: D:11 (give 12 potions of heal wounds)


Innate Abilities, Weirdness & Mutations

You have hooves in place of feet.
Armour fits poorly on your strangely shaped body.
You cover ground very quickly.
You have extremely tough skin. (AC +3)


Message History

The orc warlord hits you with a war axe!
* * * LOW HITPOINT WARNING * * *
The orc warlord blocks your attack.
The orc warlord is heavily wounded.
You hit the sun demon. You freeze the sun demon. You slash the orc high priest!
You freeze the orc high priest.
Unknown command.
You barely miss the orc high priest. Your kick misses the orc high priest.
The orc high priest is lightly wounded.
You hit the orc warlord. You freeze the orc warlord.
You closely miss the sun demon. The orc high priest barely misses you.
The sun demon hits you but does no damage.
Unknown command.
You closely miss the orc high priest. Your kick misses the orc high priest.
The orc high priest is lightly wounded.
You closely miss the sun demon.
You hit the orc warlord but do no damage.
The neqoxec gestures.
The orc warlord hits you with a war axe!
You die...

.....## ....... ###.....#
##.$.o..# ### #.o.)..# ##.##
##### ##.##.## #...## #...#
##....## ##.5..## ####..###
.#.o#### ##5...))###.....#.##
....o..###..)333@)##......∩.##
........###5)).oo)##.........#
......).#...#)#.).)....##...####
.#.#..).#...####)......##...#..#
.####..o)o.## ##)....#####.....#
o.##).(.o))####......# ###....##
...)..3()(.)<##)...#..##<.....#
......(.##(..)...###........###
.....#..##.#oo....###.......#


You could see an orc warlord, an orc high priest, a sun demon, a smoke demon, a
neqoxec, 2 iron imps and a shadow imp.

Vanquished Creatures
  A frost giant (IceCv)
  An ettin (Orc:1)
  A hydra (D:11)
  Erolcha (D:10)
  A two-headed ogre (D:9)
  Urug (Orc:2)
  2 death yaks (IceCv)
  Sonja (D:10)
  An unseen horror (D:10)
  An orc knight (Orc:2)
  2 orc sorcerers
  2 ugly things (D:11)
  A manticore (D:11)
  A centaur zombie (D:10)
  The ghost of SaintRoka the Covert, a novice NaEn (D:5)
  2 kobold demonologists (D:11)
  A komodo dragon (Lair:1)
  15 polar bears (IceCv)
  5 trolls
  A hippogriff (D:11)
  14 yaks (IceCv)
  2 hungry ghosts
  3 wargs (D:9)
  Duvessa (D:4)
  A water moccasin (D:10)
  14 orc warriors
  2 sky beasts
  5 ogres
  2 ice beasts
  2 phantoms
  14 wolves (IceCv)
  2 centaurs
  2 crocodiles (D:10)
  6 big kobolds
  Blork the orc (D:5)
  5 bullfrogs
  A scorpion (D:5)
  A wyvern skeleton (D:9)
  Dowan (D:4)
  4 wights (D:10)
  4 killer bees (D:7)
  3 howler monkeys (D:10)
  7 crimson imps
  2 jellies
  3 bullfrog zombies (D:9)
  A quasit (D:10)
  2 centaur skeletons
  3 hounds
  13 orc wizards
  A gnoll shaman (D:5)
  10 orc priests
  2 bullfrog skeletons
  2 iguanas
  14 worker ants
  2 killer bee zombies
  2 hound skeletons
  7 gnolls
  11 adders
  A howler monkey skeleton (D:10)
  A shadow imp (D:9)
  6 white imps (D:12)
  5 oozes
  An adder skeleton (D:9)
  2 worms
  A dart slug (D:2)
  11 leopard geckos
  39 orcs
  A ball python (D:4)
  10 giant cockroaches
  4 hobgoblins (D:3)
  12 jackals
  6 quokkas
  9 bats
  3 goblins
  A jackal skeleton (D:5)
  18 kobolds
  A quokka skeleton (D:5)
  3 rats
349 creatures vanquished.

Vanquished Creatures (collateral kills)
  A minotaur (Lab)
  A manticore (D:12)
  A centaur skeleton (D:12)
  An orc priest (Orc:2)
  A bullfrog skeleton (D:12)
  An orc wizard (Orc:2)
  6 white imps (D:12)
  2 orcs (Orc:2)
14 creatures vanquished.

Grand Total: 363 creatures vanquished

Notes
Turn   | Place    | Note
-------+----------+-------------------------------------------
     0 | D:1      | Lavandula the Centaur Berserker began the quest for the
                  | Orb.
     0 | D:1      | Reached XP level 1. HP: 19/19 MP: 1/1
   110 | D:1      | Reached skill level 3 in Axes
   115 | D:1      | Reached XP level 2. HP: 26/26 MP: 2/2
   235 | D:3      | Reached XP level 3. HP: 20/31 MP: 3/3
   327 | D:3      | Reached ** piety under Trog
   327 | D:3      | Reached skill level 4 in Axes
   331 | D:3      | Reached XP level 4. HP: 38/38 MP: 4/4
   482 | D:3      | Found a basalt altar of Yredelemnul.
   587 | D:3      | Found a shadowy altar of Dithmenos.
   624 | D:3      | Found a glowing drain.
   638 | Sewer    | Entered a sewer
   709 | Sewer    | Noticed a big kobold
   727 | Sewer    | Killed a big kobold
   727 | Sewer    | Reached skill level 5 in Axes
   727 | Sewer    | Reached XP level 5. HP: 35/45 MP: 5/5
   769 | Sewer    | Reached skill level 6 in Axes
   772 | Sewer    | Reached XP level 6. HP: 51/51 MP: 6/6
   938 | D:4      | Found a stormy altar of Qazlal.
   995 | D:4      | Reached skill level 7 in Axes
  1027 | D:4      | Noticed Duvessa
  1028 | D:4      | Noticed Dowan
  1038 | D:4      | Killed Dowan
  1041 | D:4      | Killed Duvessa
  1041 | D:4      | Reached XP level 7. HP: 23/57 MP: 7/7
  1200 | D:5      | Entered Level 5 of the Dungeon
  1200 | D:5      | Found Kuemokke's Book Emporium.
  1311 | D:4      | Reached *** piety under Trog
  1347 | D:4      | Reached skill level 8 in Axes
  1381 | D:5      | Found a runed door.
  1388 | D:5      | Noticed a hungry ghost
  1392 | D:5      | Found a runed door.
  1405 | D:5      | Killed a hungry ghost
  1449 | D:5      | Found a transporter.
  1452 | D:5      | Noticed SaintRoka's ghost (novice NaEn)
  1479 | D:5      | Reached skill level 9 in Axes
  1479 | D:5      | Reached XP level 8. HP: 26/63 MP: 8/8
  1537 | D:6      | Found a shattered altar of Ashenzari.
  1573 | D:5      | Got a scorched ring mail
  1584 | D:5      | Identified the +4 ring mail "Wiloni" {rElec Int+7 Slay-5}
                  | (You found it on level 5 of the Dungeon)
  1848 | D:5      | Found a transporter.
  1866 | D:5      | Killed SaintRoka's ghost
  1866 | D:5      | Reached skill level 10 in Axes
  1963 | D:6      | Reached **** piety under Trog
  1995 | D:5      | Noticed Blork the orc
  1999 | D:5      | Killed Blork the orc
  2131 | D:6      | Reached skill level 11 in Axes
  2131 | D:6      | Reached XP level 9. HP: 66/69 MP: 9/9
  2354 | D:7      | Found Helixom's Antique Weapon Emporium.
  2455 | D:7      | Found an iron altar of Okawaru.
  2471 | D:7      | Found Eqonun's Book Shoppe.
  2715 | D:7      | Found Vizeapho's General Store.
  2717 | D:7      | Found Uden Ycs's Antique Armour Shoppe.
  2720 | D:7      | Bought a smelly chain mail for 228 gold pieces
  2730 | D:7      | Identified the cursed +0 chain mail of Soubin {rPois Dex+4}
                  | (You bought it in a shop on level 7 of the Dungeon)
  2786 | D:7      | Found Waxivaen's Book Shop.
  2970 | D:7      | Found a hide-covered altar of Uskayaw.
  3247 | D:7      | Bought a potion of heal wounds for 70 gold pieces
  3247 | D:7      | Bought a scroll of identify for 28 gold pieces
  3432 | D:9      | Noticed a two-headed ogre
  3433 | D:10     | Entered Level 10 of the Dungeon
  3443 | D:9      | Killed a two-headed ogre
  3451 | D:9      | Reached skill level 5 in Armour
  3452 | D:9      | Reached XP level 10. HP: 56/80 MP: 4/10
  3457 | D:9      | Reached ***** piety under Trog
  3506 | D:10     | Noticed Erolcha
  3523 | D:9      | Found a staircase to the Lair.
  3600 | Lair:1   | Entered Level 1 of the Lair of Beasts
  3759 | D:8      | Found an opulent altar of Gozag.
  3963 | D:9      | Found a staircase to the Orcish Mines.
  4245 | D:10     | Received a gift from Trog
  4258 | D:10     | Noticed Sonja
  4271 | D:10     | Killed Sonja
  4271 | D:10     | Reached skill level 12 in Axes
  4554 | D:10     | Killed Erolcha
  4554 | D:10     | Reached skill level 13 in Axes
  4558 | D:10     | Reached XP level 11. HP: 41/85 MP: 4/11
  4688 | D:10     | HP: 4/85 [something (4)]
  4690 | D:10     | Killed an unseen horror
  4795 | D:12     | HP: 1/85 [manticore/volley of spikes (20)]
  4812 | D:12     | Found a frozen archway.
  4852 | IceCv    | Entered an ice cave
  4955 | IceCv    | Identified the Disquisition on Conjuration
  4984 | IceCv    | Reached skill level 5 in Dodging
  5074 | IceCv    | HP: 2/85 [yak (13)]
  5307 | IceCv    | Reached skill level 14 in Axes
  5485 | IceCv    | Got a scintillating silver ring
  5486 | IceCv    | Identified the cursed ring of Eternal Harmony {rF+ MR+
                  | Str-3 SInv} (You found it in an ice cave)
  5612 | IceCv    | Noticed a death yak
  5612 | IceCv    | Noticed a death yak
  5612 | IceCv    | Noticed a frost giant
  5632 | IceCv    | Killed a death yak
  5717 | IceCv    | Killed a frost giant
  5717 | IceCv    | Reached skill level 15 in Axes
  5717 | IceCv    | Reached XP level 12. HP: 80/93 MP: 6/12
  5722 | IceCv    | Killed a death yak
  5901 | D:11     | Noticed a seven-headed hydra
  6347 | Orc:1    | Entered Level 1 of the Orcish Mines
  6347 | Orc:1    | Noticed an ettin
  6353 | Orc:1    | Killed an ettin
  6512 | D:11     | Killed a one-headed hydra
  6558 | D:11     | Reached skill level 16 in Axes
  6703 | D:11     | Found a portal to a secret trove of treasure.
  7067 | Orc:2    | Entered Level 2 of the Orcish Mines
  7070 | Orc:2    | Found a labyrinth entrance.
  7088 | Lab      | Entered a labyrinth
  7198 | Lab      | Noticed a minotaur
  7210 | Lab      | Killed a minotaur
  7227 | Lab      | Got an encrusted plate armour
  7229 | Lab      | Identified Sif Muna's Almanac of Talismans
  7475 | Orc:2    | Noticed Urug
  7482 | Orc:2    | Noticed an orc warlord
  7516 | Orc:2    | Killed Urug
  7516 | Orc:2    | Reached skill level 1 in Evocations
  7541 | Orc:2    | Noticed an orc high priest
  7569 | Orc:2    | Slain by an orc warlord

Skill      XL: |  1  2  3  4  5  6  7  8  9 10 11 12 |
---------------+-------------------------------------+-----
Axes           | 3 4 5 6 7 9 11 13 15 16 | 16.5
Fighting       | 4 |  4.9
Dodging        | 2 5 |  5.0
Armour         | 5 |  5.2
Evocations     | 3 |  3.7

Action                   |  1- 3 |  4- 6 |  7- 9 | 10-12 || total
-------------------------+-------+-------+-------+-------++-------
Melee: Hand axe          |    41 |    85 |   261 |   197 ||   584
       Kick              |     6 |    15 |    61 |   139 ||   221
       War axe           |       |       |       |   113 ||   113
       Demon whip        |       |       |       |    21 ||    21
       Halberd           |       |       |       |   221 ||   221
 Fire: Blowgun           |       |       |       |     6 ||     6
Throw: Tomahawk          |       |       |     5 |     2 ||     7
Invok: Berserk           |     3 |     2 |     8 |    19 ||    32
       Trog's Hand       |       |       |     3 |    16 ||    19
       Brothers in Arms  |       |       |       |     5 ||     5
Evoke: Wand              |       |       |     1 |     7 ||     8
       Lightning rod     |       |       |       |     4 ||     4
  Use: Scroll            |     1 |     1 |     6 |    13 ||    21
       Potion            |       |       |       |     7 ||     7
 Stab: Confused          |       |       |       |     2 ||     2
       Invisible         |       |       |       |     2 ||     2
  Eat: Chunk             |       |     2 |    14 |    23 ||    39
       Ration            |       |       |     1 |     5 ||     6
Armor: Animal skin       |    20 |     1 |       |       ||    21
       Ring mail         |       |    22 |    30 |       ||    52
       Robe              |       |       |    20 |    10 ||    30
       Chain mail        |       |       |    13 |    77 ||    90
       Leather armour    |       |       |       |    29 ||    29
       Troll leather arm |       |       |       |    22 ||    22
Dodge: Dodged            |    36 |    52 |    83 |   175 ||   346
